 Dungeon Crawl Stone Soup version 0.29.0-13-gc9e81de378 (webtiles) character file.

Game seed: 6927622699523782178

975 freelancePsychic the Changer (level 8, -17/57 HPs)
             Began as a Meteoran Earth Elementalist on Sept 11, 2022.
             Was an Initiate of Cheibriados.
             Demolished by an orc warrior
             ... wielding a +2 vorpal war axe
              (20 damage)
             ... on level 8 of the Dungeon.
             The game lasted 00:14:06 (1682 turns).

freelancePsychic the Changer (MeEE)                 Turns: 1682, Time: 00:14:07

Health: -17/57     AC:  4    Str: 12    XL:     8   Next: 66%
Magic:  1/13       EV: 12    Int: 19    God:    Cheibriados [......]
Gold:   134        SH:  0    Dex: 15    Spells: 6/12 levels left

rFire   . . .      SeeInvis .   b - +1 short sword (holy)
rCold   . . .      Faith    .   (no shield)
rNeg    . . .      Spirit   .   a - +0 robe
rPois   .          Reflect  .   c - +0 helmet
rElec   .          Harm     .   n - +0 cloak
rCorr   .          Rampage  .   (no gloves)
Will    +....                   (no boots)
Stlth   +.........              (no amulet)
HPRegen 0.19/turn               (no ring)
MPRegen 0.13/turn               (no ring)

@: attractive, flying, glowing, very slow
A: sense surroundings 1, otherworldly, glowing, explore regen
a: Renounce Religion


You were on level 8 of the Dungeon.
You worshipped Cheibriados.
Cheibriados was noncommittal.
You visited 2 branches of the dungeon, and saw 9 of its levels.

You collected 134 gold pieces.

Inventory:

Hand Weapons
 b - a +1 short sword of holy wrath (weapon)
 e - a +1 dagger of speed
Armour
 a - a +0 robe (worn)
 c - a +0 helmet (worn)
 n - a +0 cloak (worn)
Jewellery
 i - an amulet of faith
Wands
 l - a wand of roots (5)
 o - a wand of flame (15)
Scrolls
 d - a scroll of silence
 g - a scroll of noise
Potions
 f - a potion of haste {@q3}
 h - a potion of mutation
 j - 2 potions of curing {@q1}


   Skills:
 - Level 2.4 Dodging
 - Level 1.4 Stealth
 - Level 2.6 Spellcasting
 - Level 4.6 Conjurations
 + Level 7.5 Transmutations
 + Level 2.3 Air Magic
 - Level 6.7 Earth Magic


You had 6 spell levels left.
You knew the following spells:

 Your Spells              Type           Power      Damage    Failure   Level
a - Sandblast             Erth           56%        2d13      1%          1
b - Stone Arrow           Conj/Erth      48%        3d10      4%          3
c - Passwall              Tmut/Erth      24%        N/A       1%          2

Your spell library contained the following spells:

 Spells                   Type           Power      Damage    Failure   Level
 Petrify                  Tmut/Erth      29%        N/A       9%          4
 Blink                    Tloc           4%         N/A       24%         2
 Summon Guardian Golem    Hex/Summ       2%         N/A       43%         3
 Manifold Assault         Tloc           2%         N/A       99%         5
 Orb of Destruction       Conj           10%        9d6       100%        7
 Spellforged Servitor     Conj/Summ      5%         N/A       100%        7
 Storm Form               Tmut/Air       10%        N/A       100%        7


Dungeon Overview and Level Annotations

Branches:
Dungeon (8/15) Zot: 4736   Temple (1/1) D:5 Zot: 855
   Lair: D:8-11

Altars:
Cheibriados
Dithmenos
Gozag
Hepliaklqana
Nemelex Xobeh
Uskayaw
Vehumet
Wu Jian
Xom

Shops:
D:5 (

Annotations:
D:4 Edmund
D:5 Eustachio


Innate Abilities, Weirdness & Mutations

You passively map a small area around you.
You are easily found by Zot.
You glow in the dark.
You regain HP and MP as you explore.


Message History

The orc warrior hits you with a +2 vorpal war axe!
Casting: Sandblast (safe; 1% risk of failure)
Confirm with . or Enter, or press ? or * to list all spells.
Aiming: Sandblast (safe; 1% risk of failure)
Press: ? - help, Shift-Dir - straight line, f/p - orc warrior
Aim: an orc warrior, wielding a +2 vorpal war axe and wearing a +0 plate armour (lightly wounded, constricted by roots, 100% to hit)
The blast of sand hits the orc warrior but does no damage.
The orc warrior is lightly wounded.
The grasping roots constrict the orc warrior.
The roots release their grip on the orc warrior.
The orc warrior misses you.
A wight comes into view. It is wielding a +5 spear.
The orc warrior hits you with a +2 vorpal war axe!
* * * LOW HITPOINT WARNING * * *
x2 The wight is attracted toward you.
Aiming: Fastroot
Press: ? - help, Shift-Dir - straight line, f/p - orc warrior
Aim: an orc warrior, wielding a +2 vorpal war axe and wearing a +0 plate armour (moderately wounded)
The roots erupt in riotous growth!
Roots grab the orc warrior.
The grasping roots constrict the orc warrior, but do no damage.
The orc warrior closely misses you.
Okay, then.
Really attack while wielding your +1 dagger of speed?
This could place you under penance!
Okay, then.
Your +1 short sword of holy wrath softly glows with a divine radiance!
b - a +1 short sword of holy wrath (weapon)
The grasping roots constrict the orc warrior.
You hit the orc warrior but do no damage.
The orc warrior is heavily wounded.
The grasping roots constrict the orc warrior!
The roots release their grip on the orc warrior.
The orc warrior misses you.
A wight comes into view. It is wielding a +5 falchion.
The wight hits you from afar with a +5 spear!
* * * LOW HITPOINT WARNING * * *
The wight hits you from afar with a +5 spear.
* * * LOW HITPOINT WARNING * * *
The orc warrior hits you with a +2 vorpal war axe!!
You die...

* , , , ** ,,, # * **
#.######## ,.........#
, , .........#
.........#############
,...z....zo@...........
.........##..#'#####.
.........###.+_+
.........# ###'# *
.........# #.#
.........# #.# ,
.........# #.#
.........# #.# * *
######### *#.#


You could see an orc warrior and 2 wights.

Vanquished Creatures
  A black bear (D:5)
  An ice beast (D:6)
  A centaur (D:6)
  A necrophage (D:5)
  2 scorpions
  A howler monkey (D:7)
  An orc priest (D:5)
  5 hounds
  A jelly (D:6)
  Crazy Yiuf (D:4)
  2 orc wizards
  Terence (D:3)
  2 iguanas
  Robin (D:3)
  4 adders
  3 worms
  3 dart slugs
  7 orcs
  2 ball pythons
  5 endoplasms
  A giant cockroach (D:1)
  9 goblins
  6 hobgoblins
  3 quokkas
  6 bats
  4 frilled lizards
  4 kobolds
  2 rats
80 creatures vanquished.

Vanquished Creatures (others)
  2 fungi (D:3)
  3 plants (D:3)
5 creatures vanquished.

Grand Total: 85 creatures vanquished

Notes
Turn   | Place    | Note
-------+----------+-------------------------------------------
     0 | D:1      | freelancePsychic the Meteoran Earth Elementalist began the
                  | quest for the Orb.
     0 | D:1      | Reached XP level 1. HP: 14/14 MP: 5/5
    80 | D:1      | Reached XP level 2. HP: 10/20 MP: 3/6
   204 | D:2      | Reached XP level 3. HP: 18/26 MP: 5/8
   222 | D:2      | Reached skill level 1 in Conjurations
   243 | D:2      | Learned a level 3 spell: Stone Arrow
   288 | D:2      | Reached skill level 5 in Earth Magic
   348 | D:2      | Reached XP level 4. HP: 25/33 MP: 5/9
   410 | D:3      | Noticed Terence
   444 | D:3      | Killed Terence
   445 | D:3      | Reached XP level 5. HP: 21/38 MP: 0/10
   521 | D:3      | Noticed Robin
   536 | D:3      | Killed Robin
   585 | D:4      | Noticed Edmund
   601 | D:3      | Found a faded altar of an unknown god.
   643 | D:5      | Entered Level 5 of the Dungeon
   688 | D:5      | Reached XP level 6. HP: 17/45 MP: 3/11
   807 | D:6      | Reached skill level 2 in Transmutations
   807 | D:6      | Reached XP level 7. HP: 50/50 MP: 3/12
   813 | D:6      | Reached skill level 3 in Transmutations
   836 | D:6      | Reached skill level 4 in Transmutations
   906 | D:6      | Learned a level 2 spell: Passwall
   984 | D:5      | Noticed Eustachio
  1002 | D:5      | Reached skill level 5 in Transmutations
  1035 | D:5      | Found Fihe's Antique Weapon Shop.
  1096 | D:4      | Reached XP level 8. HP: 48/57 MP: 1/13
  1120 | D:4      | Reached skill level 6 in Transmutations
  1351 | D:4      | Found a runed translucent door.
  1352 | D:4      | Noticed Crazy Yiuf
  1359 | D:4      | Killed Crazy Yiuf
  1457 | D:5      | Reached skill level 7 in Transmutations
  1480 | D:5      | Found a staircase to the Ecumenical Temple.
  1489 | Temple   | Entered the Ecumenical Temple
  1513 | Temple   | Became a worshipper of Cheibriados the Contemplative
  1587 | D:6      | Reached skill level 1 in Air Magic
  1645 | D:8      | Found a hide-covered altar of Uskayaw.
  1682 | D:8      | Demolished by an orc warrior

Illustrated notes

Levels and vault maps discovered:
D:1:      nzn_arrival_crosshair, layout_basic
D:2:      layout_rooms, minmay_stone_trees_medium, minmay_tiny_reverse_x
D:3:      layout_rooms, general_overflow_altar,
          shapermc_ecumenical_altar_mp_ritualfount, kennysheep_cross_room,
          uniq_robin, uniq_sigmund, uniq_terence
D:4:      dreamdust_elfheim, layout_cave_pools, uniq_crazy_yiuf_cottage,
          uniq_edmund
D:5:      layout_rooms, tso_altar, chequers_temple_overflow_statue_of_worship,
          lemuel_temple_firewalk_b, serial_shops, shop_fountains, uniq_eustachio
D:6:      nicolae_cairo_tiling_very_big, layout_gridville, uniq_duvessa
D:7:      layout_loops_cross, nicolae_overflow_hidden_temple,
          minmay_misc_feat_nine_boxes
D:8:      layout_basic, kennysheep_mini
Temple:   eino_narrow_crystal_temple

Skill      XL: |  1  2  3  4  5  6  7  8 |
---------------+-------------------------+-----
Earth Magic    | 4 5 6 |  6.7
Conjurations   | 1 2 3 4 |  4.6
Transmutations | 2 5 7 |  7.5
Air Magic      | 2 |  2.3
Dodging        | |  2.4
Stealth        | |  1.4
Spellcasting   | |  2.6

Action                   |  1- 3 |  4- 6 |  7- 9 || total
-------------------------+-------+-------+-------++-------
Melee: Unarmed           |     1 |       |       ||     1
       Dagger            |       |     4 |    14 ||    18
       Short sword       |       |       |     1 ||     1
 Cast: Sandblast         |    43 |    34 |    17 ||    94
       Stone Arrow       |       |    21 |    37 ||    58
       Passwall          |       |       |     2 ||     2
Evoke: Wand              |       |       |     2 ||     2
  Use: Scroll            |     2 |     5 |     3 ||    10
       Potion            |       |     3 |     3 ||     6
Armor: Robe              |    16 |     6 |    19 ||    41
Dodge: Dodged            |    14 |    23 |    20 ||    57
